 Dungeon Crawl Stone Soup version 0.29.1-13-g9f3cf754e1 (webtiles) character file.

Game seed: 11505260981049497093

24662 cowcol the Severer (level 12, 0/106 HPs)
             Began as a Minotaur Fighter on Feb 5, 2023.
             Was a High Priest of Okawaru.
             Slain by a meliai
             ... wielding a +0 hand axe
              (6 damage)
             ... on level 13 of the Dungeon.
             The game lasted 00:51:10 (18615 turns).

cowcol the Severer (Minotaur Fighter)              Turns: 18615, Time: 00:51:10

Health: 0/106      AC: 22    Str: 27    XL:     12   Next: 82%
Magic:  14/14      EV:  8    Int:  5    God:    Okawaru [*****.]
Gold:   1085       SH:  0    Dex: 15    Spells: 11/11 levels left

rFire   . . .      SeeInvis .   H - +5 battleaxe (protect)
rCold   . . .      Faith    .   (shield currently unavailable)
rNeg    . . .      Spirit   .   i - +2 plate armour
rPois   .          Reflect  .   (helmet restricted)
rElec   .          Harm     .   (no cloak)
rCorr   .          Rampage  .   L - +0 pair of gloves
Will    +....                   D - +1 pair of boots
Stlth   ..........              I - amulet of regeneration
HPRegen 1.07/turn               y - +6 ring of strength
MPRegen 0.14/turn               q - ring of willpower

@: lethally poisoned (0 -> -3), studying Evocations
A: horns 2, retaliatory headbutt
a: Renounce Religion, Heroism, Finesse, Duel


You were on level 13 of the Dungeon.
You worshipped Okawaru.
Okawaru was extremely pleased with you.
You visited 2 branches of the dungeon, and saw 15 of its levels.

You collected 1085 gold pieces.

Inventory:

Hand Weapons
 a - a +1 war axe of venom
 f - a +0 dagger
 g - a +0 battleaxe
 l - a +0 short sword of venom
 E - a +0 falchion
 H - a +5 battleaxe of protection (weapon)
 M - a +0 halberd
 T - a +1 morningstar of freezing
Missiles
 j - 17 poisoned darts (quivered)
 x - 5 boomerangs
Armour
 b - a +0 scale mail
 c - a +1 buckler
 i - a +2 plate armour (worn)
 s - the +1 chain mail of Amifatu {Str+3}
   (You found it on level 4 of the Dungeon)

   Str:       It affects your strength (+3).
 v - a +0 kite shield
 C - a +1 scale mail of cold resistance
 D - a +1 pair of boots (worn)
 G - a +2 chain mail of fire resistance
 L - a +0 pair of gloves (worn)
 Z - a scarf of invisibility
Jewellery
 e - a ring of flight
 q - a ring of willpower (right hand)
 u - a ring of ice
 y - a +6 ring of strength (left hand)
 I - an amulet of regeneration (around neck)
 N - a ring of fire
 Q - a ring of ice
 R - a ring of magical power
 U - an amulet of reflection
 X - a ring of fire
Wands
 P - a wand of polymorph (16)
Scrolls
 r - 6 scrolls of teleportation
 t - 3 scrolls of acquirement
 A - a scroll of poison
 B - 4 scrolls of fear
 J - a scroll of immolation {unknown}
 K - a scroll of butterflies
Potions
 d - 2 potions of curing {unknown}
 h - 3 potions of brilliance
 k - 4 potions of flight
 m - 2 potions of resistance
 n - 6 potions of lignification
 p - 2 potions of heal wounds
 w - 2 potions of magic
 z - a potion of degeneration {unknown}
 F - a potion of invisibility {unknown}
 O - a potion of mutation {unknown}
 V - a potion of ambrosia {unknown}
 Y - a potion of might


   Skills:
 + Level 9.9 Fighting
 * Level 18.6 Axes
 + Level 0.1(12.2) Maces & Flails
 + Level 2.7 Throwing
 * Level 14.0 Armour
 - Level 3.6 Shields
 - Level 5.0 Invocations
 + Level 0.6 Evocations


You had 11 spell levels left.
You didn't know any spells.
Your spell library contained the following spells:

 Spells                   Type           Power      Damage    Failure   Level
 Blink                    Tloc           0%         N/A       99%         2
 Mephitic Cloud           Conj/Pois/Air  0%         N/A       100%        3
 Portal Projectile        Hex/Tloc       0%         N/A       100%        3
 Iskenderun's Mystic Bla  Conj/Tloc      0%         2d3       100%        4
 Leda's Liquefaction      Hex/Erth       0%         N/A       100%        4
 Passage of Golubria      Tloc           0%         N/A       100%        4
 Petrify                  Tmut/Erth      0%         N/A       100%        4
 Metabolic Englaciation   Hex/Ice        0%         N/A       100%        5
 Yara's Violent Unravell  Hex/Tmut       0%         3d3       100%        5
 Statue Form              Tmut/Erth      0%         N/A       100%        6
 Call Canine Familiar     Summ           Unusable   N/A       N/A         3
 Tukima's Dance           Hex            Unusable   N/A       N/A         3

Dungeon Overview and Level Annotations

Branches:
Dungeon (14/15)            Temple (1/1) D:7            Lair (0/5) D:9
    Orc (0/2) D:12
 Vaults: D:13-14

Altars:
Ashenzari
Cheibriados
Dithmenos
Elyvilon
Fedhas
Gozag
Hepliaklqana
Kikubaaqudgha
Makhleb
Nemelex Xobeh
Okawaru
Qazlal
Ru
Sif Muna
Trog
Uskayaw
Vehumet
Wu Jian
Xom
Yredelemnul
Zin
The Shining One

Shops:
D:5 =

Annotations:
D:11 1 runed translucent door, cheesebisquit's ghost, journeyman MiBe


Innate Abilities, Weirdness & Mutations

You have a pair of horns on your head.
You reflexively headbutt those who attack you in melee.


Message History

The meliai stings you but does no damage.
There is a stone staircase leading up, spattered with blood here.
You feel sick. The meliai hits you but does no damage. The meliai stings you.
You are more poisoned.
The meliai poisons you! The meliai hits you but does no damage.
The meliai stings you but does no damage.
The meliai hits you but does no damage. The meliai stings you!
The meliai hits you but does no damage.
The meliai stings you but does no damage.
The meliai completely misses you. You furiously retaliate!
You headbutt the meliai.
The meliai stings you but does no damage.
You climb upwards.
You feel extremely sick.
There is a stone staircase leading down here.
You feel much better.
You feel very sick. The meliai hits you but does no damage.
The meliai stings you!
You are more poisoned.
The meliai poisons you!
The meliai mumbles some strange prayers to its god against you.
Something smites you! The meliai hits you but does no damage.
The meliai stings you but does no damage.
The meliai hits you but does no damage. The meliai stings you.
* * * LOW HITPOINT WARNING * * *
As you read the scroll of fear, it crumbles to dust.
You assume a fearsome visage.
The meliai looks frightened! x2
* * * LOW HITPOINT WARNING * * *
You feel extremely sick.
* * * LOW HITPOINT WARNING * * *
You feel extremely sick.
* * * LOW HITPOINT WARNING * * *
You feel very sick.
Cornered, the meliai turns to fight!
* * * LOW HITPOINT WARNING * * *
You feel very sick.
You feel very sick.
You feel very sick. The meliai hits you with a +0 hand axe.
You die...

..................#
......#######?....####
..######.............#
................>....#
########.............#
#.............#
#.............#
#........y....#
#........@....# ###
#########.##### ..#
#.# ..# #.# ..# #.#
..# #.# ..#
####'########## ..#
#.............# ..#
#.............#


You could see a meliai.

Vanquished Creatures
  2 boulder beetles
  A hydra (D:10)
  An ogre mage (D:10)
  2 centaur warriors (D:13)
  A two-headed ogre (D:12)
  3 death yaks
  Pikel (D:7)
  3 ugly things
  A deep elf pyromancer (D:10)
  2 gargoyles (D:12)
  2 unseen horrors
  A komodo dragon (D:11)
  2 kobold demonologists
  2 trolls
  3 meliai (D:14)
  3 slime creatures (D:12)
  3 shadows
  3 wraiths
  21 yaks
  6 humans (D:6)
  A basilisk (D:13)
  14 vampire mosquitoes
  3 steam dragons (D:8)
  Edmund (D:5)
  Menkaure (D:6)
  2 acid dragons
  A water moccasin (D:5)
  Duvessa (D:6)
  5 sky beasts
  7 orc warriors
  An ice beast (D:7)
  An ogre (D:7)
  6 centaurs
  A lemure (D:7)
  2 phantoms
  2 kobold brigands
  3 bullfrogs
  Blork the orc (D:4)
  2 gnoll sergeants (D:9)
  4 necrophages
  2 scorpions
  13 wights
  Dowan (D:6)
  A jelly (D:6)
  17 killer bees
  4 howler monkeys
  10 orc priests
  A hound (D:5)
  Jessica (D:2)
  3 iguanas
  20 orc wizards
  Robin (D:2)
  8 gnolls (D:9)
  7 adders
  A shadow imp (D:7)
  A white imp (D:5)
  An ufetubus (D:7)
  2 worms
  5 dart slugs
  41 orcs
  6 bats
  9 endoplasms
  4 giant cockroaches
  20 goblins
  15 hobgoblins
  7 jackals
  15 kobolds
  6 quokkas
  7 ball pythons
  A frilled lizard (D:3)
  4 rats
356 creatures vanquished.

Vanquished Creatures (others)
  A sky beast (D:8)
  A fungus (D:11)
  81 plants
83 creatures vanquished.

Grand Total: 439 creatures vanquished

Notes
Turn   | Place    | Note
-------+----------+-------------------------------------------
     0 | D:1      | cowcol the Minotaur Fighter began the quest for the Orb.
     0 | D:1      | Reached XP level 1. HP: 19/19 MP: 0/0
   310 | D:1      | Reached XP level 2. HP: 27/27 MP: 1/1
   406 | D:1      | Reached skill level 3 in Axes
   547 | D:1      | Reached XP level 3. HP: 28/33 MP: 2/2
  1199 | D:2      | Reached skill level 4 in Axes
  1282 | D:2      | Found a broken altar of Ashenzari.
  1357 | D:2      | Reached XP level 4. HP: 30/40 MP: 3/3
  1429 | D:2      | Noticed Robin
  1438 | D:2      | Killed Robin
  1594 | D:2      | Noticed Jessica
  1603 | D:2      | Killed Jessica
  1604 | D:2      | Reached skill level 5 in Axes
  1799 | D:2      | Found a faded altar of an unknown god.
  1799 | D:2      | Noticed an ice devil
  2318 | D:3      | Reached XP level 5. HP: 47/47 MP: 4/4
  3172 | D:4      | Identified the +1 chain mail of Amifatu {Str+3}
  3534 | D:4      | Identified 3 scrolls of acquirement
  3958 | D:4      | Noticed Blork the orc
  3967 | D:4      | Killed Blork the orc
  3968 | D:4      | Reached skill level 6 in Axes
  4140 | D:4      | Reached XP level 6. HP: 53/53 MP: 5/5
  4142 | D:4      | Reached skill level 5 in Armour
  4271 | D:4      | Found a burning altar of Makhleb.
  4271 | D:4      | Noticed an Executioner
  4280 | D:4      | Noticed a neqoxec
  4280 | D:4      | Noticed an orange demon
  4299 | D:5      | Entered Level 5 of the Dungeon
  4723 | D:5      | Reached skill level 7 in Axes
  5104 | D:5      | Reached XP level 7. HP: 54/60 MP: 6/6
  5282 | D:5      | Noticed Edmund
  5294 | D:5      | Killed Edmund
  5295 | D:5      | Reached skill level 8 in Axes
  5445 | D:5      | Found Vyfagim's Jewellery Shoppe.
  5736 | D:6      | Reached XP level 8. HP: 67/67 MP: 7/7
  6111 | D:6      | Noticed Menkaure
  6649 | D:6      | Killed Menkaure
  6650 | D:6      | Reached skill level 5 in Fighting
  6650 | D:6      | Reached skill level 9 in Axes
  6653 | D:6      | Noticed Duvessa
  6659 | D:6      | Noticed Dowan
  6664 | D:6      | Killed Duvessa
  6670 | D:6      | Killed Dowan
  6671 | D:6      | Reached skill level 1 in Throwing
  6799 | D:6      | Reached skill level 10 in Axes
  6878 | D:6      | Reached XP level 9. HP: 60/75 MP: 8/8
  6879 | D:6      | Reached skill level 11 in Axes
  7017 | D:6      | Found an ornate altar of the Wu Jian Council.
  7190 | D:6      | Found a snail-covered altar of Cheibriados.
  7999 | D:7      | Reached skill level 12 in Axes
  8120 | D:7      | Found a staircase to the Ecumenical Temple.
  8176 | D:7      | Found a stormy altar of Qazlal.
  8366 | D:7      | Noticed Pikel
  8380 | D:7      | Killed Pikel
  8381 | D:7      | Reached skill level 10 in Armour
  8381 | D:7      | Reached XP level 10. HP: 38/86 MP: 9/9
  8626 | D:7      | Reached skill level 13 in Axes
  9332 | Temple   | Entered the Ecumenical Temple
  9376 | Temple   | Became a worshipper of Warmaster Okawaru
 10273 | D:8      | Reached skill level 1 in Invocations
 10286 | D:8      | Reached skill level 14 in Axes
 10788 | D:9      | Reached * piety under Okawaru
 11074 | D:9      | Got the Disquisition on Elliptic Poisoning
 11093 | D:9      | Found a sparkling altar of Nemelex Xobeh.
 11134 | D:9      | Found a white marble altar of Elyvilon.
 11134 | D:9      | Found a blossoming altar of Fedhas.
 11137 | D:9      | Found a basalt altar of Yredelemnul.
 11143 | D:9      | Noticed a death yak
 11145 | D:9      | Noticed a death yak
 11178 | D:9      | Reached ** piety under Okawaru
 11403 | D:9      | Killed a death yak
 11404 | D:9      | Reached skill level 15 in Axes
 11404 | D:9      | Reached XP level 11. HP: 42/94 MP: 11/11
 11599 | D:9      | Found a staircase to the Lair.
 11728 | D:9      | Noticed a death yak
 11780 | D:8      | Killed a death yak
 12143 | D:9      | Killed a death yak
 12143 | D:9      | Reached *** piety under Okawaru
 12797 | D:10     | Entered Level 10 of the Dungeon
 12797 | D:10     | Noticed a five-headed hydra
 12818 | D:10     | Noticed a red ugly thing
 12837 | D:10     | Noticed a deep elf pyromancer
 12853 | D:10     | Noticed an ogre mage
 12883 | D:10     | Killed an ogre mage
 13043 | D:10     | Reached skill level 16 in Axes
 13072 | D:10     | Found a broken altar of Ashenzari.
 13240 | D:10     | Reached **** piety under Okawaru
 13476 | D:10     | Killed a red ugly thing
 13672 | D:9      | Received a gift from Okawaru
 13790 | D:10     | Killed a deep elf pyromancer
 13956 | D:10     | Killed a five-headed hydra
 15006 | D:11     | Noticed a sun demon
 15292 | D:11     | Found a runed translucent door.
 15293 | D:11     | Noticed a spriggan rider
 15293 | D:11     | Noticed cheesebisquit's ghost (journeyman MiBe)
 15327 | D:11     | Found Ogamara's General Store.
 15661 | D:11     | Identified the +8 spear "Hell-Harrower" {drain, rF- Dex+6}
 15723 | D:12     | Reached XP level 12. HP: 94/103 MP: 14/14
 15890 | D:12     | Reached skill level 5 in Invocations
 16079 | D:12     | Reached skill level 17 in Axes
 16336 | D:12     | Found a staircase to the Orcish Mines.
 16403 | D:12     | Received a gift from Okawaru
 16652 | D:12     | Noticed a two-headed ogre
 16658 | D:12     | Killed a two-headed ogre
 16710 | D:12     | Reached ***** piety under Okawaru
 17396 | D:13     | Noticed a centaur warrior
 17407 | D:13     | Killed a centaur warrior
 17408 | D:13     | Reached skill level 18 in Axes
 17452 | D:13     | Noticed a centaur warrior
 17460 | D:13     | Killed a centaur warrior
 17460 | D:13     | Received a gift from Okawaru
 17555 | D:13     | Noticed a boulder beetle
 17572 | D:13     | Killed a boulder beetle
 18159 | D:14     | Noticed a boulder beetle
 18174 | D:14     | Killed a boulder beetle
 18615 | D:13     | Slain by a meliai

Illustrated notes

Levels and vault maps discovered:
D:1:      dpeg_arrival_three_smaller_balls, layout_loops_ring
D:2:      layout_basic, basic_altar, dreamdust_ecumenical_altar_sealed_demon,
          minmay_tetromino_i4, uniq_jessica, uniq_robin
D:3:      layout_basic, nicolae_underground_beach
D:4:      layout_loops_ring, makhleb_altar_promises_db, uniq_blork_the_orc
D:5:      layout_gridville, serial_shops, nicolae_take_the_stairs,
          serial_bayou_lake_a, uniq_edmund
D:6:      layout_gridville, mainiacjoe_overflow_catch_the_wave, minmay_ruffians,
          uniq_duvessa, uniq_menkaure
D:7:      layout_cave_pools, lemuel_coloured_pillars_altar,
          minmay_temple_entry_glass, enter_bailey_5, uniq_pikel
D:8:      layout_loops_ring, hangedman_misty_isle
D:9:      layout_rooms, nemelex_diamond_rough_becter,
          chequers_temple_overflow_statue_of_worship, dpeg_lair_monsters
D:10:     layout_rooms, amcnicky_altar_gilded, minivault_16,
          minmay_diamond_spiral
D:11:     layout_cave_pods, serial_shops, nicolae_square_shop,
          ebering_ghost_funeral_grove
D:12:     layout_loops_ring, david_orc_4
D:13:     layout_basic
D:14:     layout_long_grid, grunt_vaults_entry_tiered,
          nicolae_trove_entry_free_sample, glass_columns_a
Temple:   nicolae_temple_god_jail

Skill      XL: |  1  2  3  4  5  6  7  8  9 10 11 12 |
---------------+-------------------------------------+-----
Fighting       | 4 5 7 8 9 |  9.9
Axes           | 3 4 5 6 7 8 10 12 15 16 18 | 18.6
Armour         | 4 5 7 8 10 11 12 14 | 14.0
Throwing       | 1 2 |  2.7
Invocations    | 2 4 5 |  5.0
Maces & Flails | |  0.1
Shields        | |  3.6
Evocations     | |  0.6

Action                   |  1- 3 |  4- 6 |  7- 9 | 10-12 || total
-------------------------+-------+-------+-------+-------++-------
Melee: War axe           |    93 |   108 |   174 |    22 ||   397
       Headbutt          |     9 |    11 |    39 |   111 ||   170
       Battleaxe         |       |       |       |   458 ||   458
       Morningstar       |       |       |       |     1 ||     1
Throw: Dart              |       |     4 |     8 |    14 ||    26
       Throwing net      |       |       |     1 |       ||     1
       Boomerang         |       |       |       |    12 ||    12
Invok: Heroism           |       |       |       |     8 ||     8
Evoke: Wand              |       |       |     2 |     6 ||     8
  Use: Scroll            |     2 |     5 |     3 |    13 ||    23
       Potion            |       |     4 |     2 |     5 ||    11
 Stab: Held in net/web   |       |       |     1 |       ||     1
Armor: Scale mail        |    52 |    16 |       |       ||    68
       Chain mail        |       |    23 |   100 |    14 ||   137
       Plate armour      |       |       |       |   390 ||   390
Dodge: Dodged            |    33 |    45 |    71 |   205 ||   354
Block: Buckler           |    26 |    27 |    44 |     1 ||    98
